3L
HOUSTON 1837 BBC @ OAKLAND OAKS
08/20/2030
 
TOP OF THE 1ST
Houston 1837 BBC batting - Pitching for Oakland Oaks : RHP Panda Montana
Pitching: RHP Panda Montana
Batting: LHB Damian Delaney 0-0: Ball
1-0: Called Strike
1-1: Ground out 4-3 (Groundball, 4)
Batting: LHB Fa-tang Wang 0-0: Ball
1-0: Ball
2-0: Ball
3-0: Called Strike
3-1: Foul Ball, location: 2F
3-2: Strikes out swinging
Batting: SHB Galtero Suárez 0-0: Ball
1-0: Ball
2-0: Called Strike
2-1: Fly out, F8 (Flyball, 8LD)
Top of the 1st over - 0 runs, 0 hits, 0 errors, 0 left on base; Houston 0 - Oakland 0
BOTTOM OF THE 1ST
Oakland Oaks batting - Pitching for Houston 1837 BBC : RHP Ricardo Suárez
Pitching: RHP Ricardo Suárez
Batting: SHB Luis Luquín 0-0: Ball
1-0: Foul Ball, location: 2F
1-1: SINGLE (Line Drive, 7LS)
Batting: LHB Todd Henry 0-0: Called Strike
0-1: Called Strike
0-2: Foul Ball, location: 2F
0-2: Ball
1-2: Ball
2-2: Foul Ball, location: 2F
2-2: Ground out 4-3 (Groundball, 34)
Luis Luquín to second
Batting: RHB Raúl Chávez 0-0: Ball
1-0: Swinging Strike
1-1: Ball
2-1: Swinging Strike
2-2: Strikes out swinging
Batting: RHB Joseph Papasogli 0-0: Ball
1-0: SINGLE (Line Drive, 78S)
Luis Luquín to third
Runner from 3rd tries for Home, SAFE, no throw
Batting: RHB Mike Wazowski 0-0: Called Strike
0-1: Foul Ball, location: 2F
0-2: Fly out, F7 (Flyball, 8LS)
Bottom of the 1st over - 1 run, 2 hits, 0 errors, 1 left on base; Houston 0 - Oakland 1
TOP OF THE 2ND
Houston 1837 BBC batting - Pitching for Oakland Oaks : RHP Panda Montana
Batting: RHB Bob Dickerson 0-0: Called Strike
0-1: Ball
1-1: Ground out 5-3 (Groundball, 56)
Batting: LHB Guillermo Arellano 0-0: Called Strike
0-1: Foul Ball, location: 2F
0-2: SINGLE (Line Drive, 6D)
Batting: RHB Scott Robertson 0-0: Ball
1-0: Ball
2-0: Called Strike
2-1: Fly out, F1 (Line Drive, 13)
Lined into DP, 1-3 (Line Drive, 13)
Top of the 2nd over - 0 runs, 1 hit, 0 errors, 0 left on base; Houston 0 - Oakland 1
BOTTOM OF THE 2ND
Oakland Oaks batting - Pitching for Houston 1837 BBC : RHP Ricardo Suárez
Batting: RHB Armando Rodríguez 0-0: Ball
1-0: Ball
2-0: SINGLE (Groundball, 6MD)
Batting: LHB Edwin Church 0-0: Ball
Armando Rodríguez is caught stealing 2nd base
1-0: Swinging Strike
1-1: Fly out, F8 (Flyball, 8RXD)
Batting: RHB Ricardo Téllez 0-0: Hit by Pitch
Batting: SHB Joaquín Reyes 0-0: Called Strike
Ricardo Téllez steals 2nd base
0-1: Ball
1-1: Swinging Strike
1-2: Ground out 4-3 (Groundball, 4S)
Bottom of the 2nd over - 0 runs, 1 hit, 0 errors, 1 left on base; Houston 0 - Oakland 1
TOP OF THE 3RD
Houston 1837 BBC batting - Pitching for Oakland Oaks : RHP Panda Montana
Batting: RHB Armond Merlin 0-0: Ball
1-0: Called Strike
1-1: Foul Ball, location: 2F
1-2: Ball
2-2: Ball
3-2: Foul Ball, location: 2F
3-2: Foul Ball, location: 2F
3-2: Foul Ball, location: 2F
3-2: SINGLE (Line Drive, 3D)
Batting: RHB Kenny Fleming 0-0: Called Strike
0-1: Foul Ball, location: 2F
0-2: Ball
1-2: Strikes out swinging
Batting: RHB David Gómez 0-0: Ball
1-0: Ball
2-0: Called Strike
2-1: Called Strike
2-2: Ball
3-2: Foul Ball, location: 2F
3-2: Foul Ball, location: 2F
3-2: Base on Balls
Armond Merlin to second
Batting: LHB Damian Delaney 0-0: Called Strike
0-1: Grounds into double play, 3-6-3 (Groundball, 34)
Top of the 3rd over - 0 runs, 1 hit, 0 errors, 1 left on base; Houston 0 - Oakland 1
BOTTOM OF THE 3RD
Oakland Oaks batting - Pitching for Houston 1837 BBC : RHP Ricardo Suárez
Batting: SHB Luis Luquín 0-0: Ball
1-0: SOLO HOME RUN (Flyball, 9LD), Distance : 366 ft
Batting: LHB Todd Henry 0-0: Ball
1-0: Ball
2-0: Ball
3-0: Base on Balls
Batting: RHB Raúl Chávez 0-0: Foul Ball, location: 2F
0-1: Ball
1-1: Called Strike
1-2: Strikes out swinging
Batting: RHB Joseph Papasogli 0-0: Called Strike
0-1: Foul Ball, location: 2F
0-2: Ball
1-2: Foul Ball, location: 2F
1-2: DOUBLE (Flyball, 89D)
Todd Henry to third
Runner from 3rd tries for Home, SAFE, throw made at trailing runner, OUT at third!
Batting: RHB Mike Wazowski 0-0: Called Strike
0-1: SINGLE (Groundball, 6M) (infield hit)
Batting: RHB Armando Rodríguez 0-0: Fly out, F7 (Flyball, 7LDF)
Bottom of the 3rd over - 2 runs, 3 hits, 0 errors, 1 left on base; Houston 0 - Oakland 3
TOP OF THE 4TH
Houston 1837 BBC batting - Pitching for Oakland Oaks : RHP Panda Montana
Batting: LHB Fa-tang Wang 0-0: Swinging Strike
0-1: Ball
1-1: Swinging Strike
1-2: Strikes out swinging
Batting: SHB Galtero Suárez 0-0: Swinging Strike
0-1: Ball
1-1: Called Strike
1-2: Foul Ball, location: 2F
1-2: Ball
2-2: Ground out 4-3 (Groundball, 4M)
Batting: RHB Bob Dickerson 0-0: Fly out, F4 (Popup, 34S)
Top of the 4th over - 0 runs, 0 hits, 0 errors, 0 left on base; Houston 0 - Oakland 3
BOTTOM OF THE 4TH
Oakland Oaks batting - Pitching for Houston 1837 BBC : RHP Ricardo Suárez
Batting: LHB Edwin Church 0-0: Ball
1-0: Swinging Strike
1-1: Foul Ball, location: 2F
1-2: Ground out 6-3 (Groundball, 4M)
Batting: RHB Ricardo Téllez 0-0: Ball
1-0: Ball
2-0: Called Strike
2-1: Ball
3-1: Foul Ball, location: 2F
3-2: Fly out, F8 (Flyball, 8LM)
Batting: SHB Joaquín Reyes 0-0: Ball
1-0: SINGLE (Groundball, 6MD)
Batting: SHB Luis Luquín 0-0: Ball
1-0: Ball
2-0: Swinging Strike
2-1: Ball
3-1: Called Strike
3-2: Foul Ball, location: 2F
3-2: Base on Balls
Joaquín Reyes to second
Batting: LHB Todd Henry 0-0: Ball
1-0: Ball
2-0: Fly out, F9 (Flyball, 89D)
Bottom of the 4th over - 0 runs, 1 hit, 0 errors, 2 left on base; Houston 0 - Oakland 3
TOP OF THE 5TH
Houston 1837 BBC batting - Pitching for Oakland Oaks : RHP Panda Montana
Batting: LHB Guillermo Arellano 0-0: Ball
1-0: Called Strike
1-1: Ball
2-1: Ball
3-1: Called Strike
3-2: Foul Ball, location: 2F
3-2: Foul Ball, location: 2F
3-2: Ground out 1-3 (Groundball, 13)
Batting: RHB Scott Robertson 0-0: Ball
1-0: Fly out, F8 (Flyball, 8RS)
Batting: RHB Armond Merlin 0-0: Swinging Strike
0-1: Called Strike
0-2: Ball
1-2: Strikes out swinging
Top of the 5th over - 0 runs, 0 hits, 0 errors, 0 left on base; Houston 0 - Oakland 3
BOTTOM OF THE 5TH
Oakland Oaks batting - Pitching for Houston 1837 BBC : RHP Ricardo Suárez
Batting: RHB Raúl Chávez 0-0: Called Strike
0-1: Ground out 6-3 (Groundball, 6)
Batting: RHB Joseph Papasogli 0-0: Called Strike
0-1: Fly out, F6 (Line Drive, 6)
Batting: RHB Mike Wazowski 0-0: Ball
1-0: Foul Ball, location: 2F
1-1: Ball
2-1: Ball
3-1: Base on Balls
Batting: RHB Armando Rodríguez 0-0: Ball
Mike Wazowski steals 2nd base
1-0: Foul Ball, location: 2F
1-1: Foul Ball, location: 2F
1-2: Ball
2-2: Fly out, F5 (Line Drive, 5)
Bottom of the 5th over - 0 runs, 0 hits, 0 errors, 1 left on base; Houston 0 - Oakland 3
TOP OF THE 6TH
Houston 1837 BBC batting - Pitching for Oakland Oaks : RHP Panda Montana
Batting: RHB Kenny Fleming 0-0: Called Strike
0-1: Foul Ball, location: 2F
0-2: Strikes out looking
Batting: RHB David Gómez 0-0: Ground out 6-3 (Groundball, 6S)
Batting: LHB Damian Delaney 0-0: Called Strike
0-1: Ball
1-1: Ball
2-1: Called Strike
2-2: Ground out 4-3 (Groundball, 4)
Top of the 6th over - 0 runs, 0 hits, 0 errors, 0 left on base; Houston 0 - Oakland 3
BOTTOM OF THE 6TH
Oakland Oaks batting - Pitching for Houston 1837 BBC : RHP Ricardo Suárez
Batting: LHB Edwin Church 0-0: Ball
1-0: Ball
2-0: Swinging Strike
2-1: Foul Ball, location: 2F
2-2: Ball
3-2: Base on Balls
Pitching: RHP Emil Olsson
Batting: RHB Ricardo Téllez 0-0: Grounds into double play, 5-4-3 (Groundball, 56)
Batting: SHB Joaquín Reyes 0-0: Called Strike
0-1: Called Strike
0-2: Ground out 3-1 (Groundball, 34)
Bottom of the 6th over - 0 runs, 0 hits, 0 errors, 0 left on base; Houston 0 - Oakland 3
TOP OF THE 7TH
Houston 1837 BBC batting - Pitching for Oakland Oaks : RHP Panda Montana
Batting: LHB Fa-tang Wang 0-0: Called Strike
0-1: Swinging Strike
0-2: Ball
1-2: SINGLE (Line Drive, 4MD)
Batting: SHB Galtero Suárez 0-0: Ball
1-0: Fly out, F7 (Line Drive, 78S)
Batting: RHB Bob Dickerson 0-0: Foul Ball, location: 2F
0-1: Called Strike
0-2: Strikes out swinging
Batting: LHB Guillermo Arellano 0-0: Called Strike
0-1: Swinging Strike
0-2: Fly out, F8 (Flyball, 8LS)
Top of the 7th over - 0 runs, 1 hit, 0 errors, 1 left on base; Houston 0 - Oakland 3
BOTTOM OF THE 7TH
Oakland Oaks batting - Pitching for Houston 1837 BBC : RHP Emil Olsson
Batting: SHB Luis Luquín 0-0: Ground out 4-3 (Groundball, 4)
Batting: LHB Todd Henry 0-0: Fly out, F3 (Popup, 3L)
Batting: RHB Raúl Chávez 0-0: Ground out 5-3 (Groundball, 56S)
Bottom of the 7th over - 0 runs, 0 hits, 0 errors, 0 left on base; Houston 0 - Oakland 3
TOP OF THE 8TH
Houston 1837 BBC batting - Pitching for Oakland Oaks : RHP Panda Montana
Batting: RHB Scott Robertson 0-0: Swinging Strike
0-1: SINGLE (Groundball, 6MD)
Batting: RHB Armond Merlin 0-0: Ball
1-0: Ball
2-0: Foul Ball, location: 2F
2-1: Foul Ball, location: 2F
2-2: Ball
3-2: Ground out 4-3 (Groundball, 4S)
Scott Robertson to second
Pitching: RHP Gil Brown
Batting: RHB Kenny Fleming 0-0: Ball
1-0: Swinging Strike
1-1: Ball
2-1: Ball
3-1: Called Strike
3-2: Strikes out swinging
Batting: RHB David Gómez Balk!
Scott Robertson to third
0-0: SINGLE (Groundball, 56D)
Scott Robertson scores
Batting: LHB Damian Delaney 0-0: Foul Ball, location: 2F
0-1: Ball
1-1: Ball
2-1: Foul Ball, location: 2F
2-2: Ball
3-2: Base on Balls
David Gómez to second
Batting: LHB Fa-tang Wang 0-0: Called Strike
0-1: Foul Ball, location: 2F
0-2: Ball
1-2: Ball
2-2: Ball
3-2: Strikes out swinging
Top of the 8th over - 1 run, 2 hits, 0 errors, 2 left on base; Houston 1 - Oakland 3
BOTTOM OF THE 8TH
Oakland Oaks batting - Pitching for Houston 1837 BBC : RHP Emil Olsson
Batting: RHB Joseph Papasogli 0-0: Ball
1-0: Swinging Strike
1-1: Ball
2-1: Called Strike
2-2: Fly out, F7 (Flyball, 7S)
Batting: RHB Mike Wazowski 0-0: Ball
1-0: Called Strike
1-1: Fly out, F8 (Flyball, 78M)
Batting: RHB Armando Rodríguez 0-0: Ground out 6-3 (Groundball, 6)
Bottom of the 8th over - 0 runs, 0 hits, 0 errors, 0 left on base; Houston 1 - Oakland 3
TOP OF THE 9TH
Houston 1837 BBC batting - Pitching for Oakland Oaks : RHP Gil Brown
Pitching: LHP José Castaneda
Batting: SHB Galtero Suárez 0-0: Called Strike
0-1: Foul Ball, location: 2F
0-2: Ball
1-2: Ball
2-2: Ball
3-2: Ground out 1-3 (Groundball, 13S)
Batting: RHB Bob Dickerson 0-0: Called Strike
0-1: Fly out, F7 (Flyball, 7LDF)
Batting: LHB Guillermo Arellano 0-0: Called Strike
0-1: Foul Ball, location: 2F
0-2: SINGLE (Flyball, 89S)
Batting: RHB Scott Robertson 0-0: Called Strike
0-1: Foul Ball, location: 2F
0-2: Ball
1-2: Strikes out swinging
Top of the 9th over - 0 runs, 1 hit, 0 errors, 1 left on base; Houston 1 - Oakland 3
Sunday, March 18th, 2018 - OOTP Baseball 18.8 Build 76